 Dungeon Crawl Stone Soup version 0.19-a0-594-g235f30c (webtiles) character file.

27 Delvonshi the Charmwright (level 3, -2/19 HPs)
             Began as a Vine Stalker Skald on June 10, 2016.
             Slain by an adder (3 damage)
             ... on level 2 of the Dungeon.
             The game lasted 00:03:19 (888 turns).

Delvonshi the Charmwright (Vine Stalker Skald)       Turns: 888, Time: 00:03:19

Health: -2/19      AC:  3    Str: 14    XL:     3   Next: 10%
Magic:  0/7        EV: 11    Int: 12    God:
Gold:   117        SH:  0    Dex: 14    Spells: 1 memorised, 5 levels left

rFire  . . .     SeeInvis .     a - +0 short sword
rCold  . . .     Gourm    .     b - +0 leather armour
rNeg   + . .     Faith    .     (no shield)
rPois  .         Spirit   +     (no helmet)
rElec  .         Dismiss  .     (no cloak)
rCorr  .         Reflect  .     (no gloves)
SustAt .         Harm     .     (no boots)
MR     .....                    (no amulet)
Stlth  +.........               (no ring)
                                n - ring of positive energy

@: lethally poisoned (-2 -> -8), very slightly contaminated, not resistant to
hostile enchantments, very unstealthy
A: fangs 2, regeneration 1, magic shield, antimagic bite, no device heal 3, rot
immunity
a: no special abilities


You were on level 2 of the Dungeon.
You were not hungry.

You visited 1 branch of the dungeon, and saw 2 of its levels.

You collected 117 gold pieces.

Inventory:

Hand Weapons
 a - a +0 short sword (weapon)
Armour
 b - a +0 leather armour (worn)
Jewellery
 n - a ring of positive energy (left hand)
Scrolls
 e - 2 scrolls of random uselessness {unknown}
 f - 2 scrolls of remove curse {unknown}
 i - 3 scrolls of recharging {unknown}
 m - a scroll of enchant weapon {unknown}
 o - a scroll of noise {unknown}
Potions
 g - a potion of cancellation {unknown}
 j - a potion of heal wounds {unknown}
 k - 2 potions of brilliance {unknown}
Books
 c - a book of Battle

   Spells                             Type                      Level
   a - Infusion                       Charms                       1
   b - Shroud of Golubria             Charms/Translocation         2
   c - Song of Slaying                Charms                       2
   d - Spectral Weapon                Hexes/Charms                 3
   e - Regeneration                   Charms/Necromancy            3
Comestibles
 d - 2 bread rations
 h - a meat ration
 l - 2 fruits


   Skills:
 + Level 2.4 Fighting
 + Level 2.0 Short Blades
 - Level 0.7 Armour
 + Level 1.1 Dodging
 - Level 2.1 Spellcasting
 + Level 3.3 Charms


You had 5 spell levels left.
You knew the following spells:

 Your Spells              Type           Power        Failure   Level  Hunger
a - Infusion              Chrm           #...         12%         1    ##.....


Dungeon Overview and Level Annotations

Branches:
Dungeon (2/15)

Altars:


Innate Abilities, Weirdness & Mutations

You have extremely sharp teeth.
Your natural rate of healing is unusually fast.
When hurt, damage is shared between your health and your magic reserves.
Your bite disrupts and absorbs the magic of your enemies.
Potions and wands cannot restore your health.
You are immune to rotting.


Message History

The adder is moderately wounded.
The adder bites you.
You are lethally poisoned!
The adder poisons you!
You closely miss the adder. Your bite misses the adder.
The adder is moderately wounded.
You feel sick. The adder barely misses you.
You closely miss the adder. You bite the adder, but do no damage.
The adder is moderately wounded.
You feel sick. The adder closely misses you. The adder barely misses you.
You miss the adder. Your bite misses the adder.
The adder is lightly wounded.
* * * LOW HITPOINT WARNING * * *
You feel sick. The adder bites you.
* * * LOW HITPOINT WARNING * * *
* * * LOW HITPOINT WARNING * * *
You feel sick.
* * * LOW HITPOINT WARNING * * *
You feel sick. The adder bites you.
You die...

.........# #..####.#
####..####.# #
#.......##.####### #.
#.##..#.#.........
#.##.##.......#######
##.....>.##.........##
#...(...#####.#####.##
#.###@#.# #.#####.##
##S#.# #.# .....#
#..#.# #.##.#....
#w##.# ...#.#...#
#.##.# .........#
.....# ... #.#).
##.#### ....# #.#..
#.# #.... ... ###..


You could see a worm and an adder.

Vanquished Creatures
  A worm (D:2)
  2 dart slugs (D:1)
  A giant gecko (D:1)
  3 hobgoblins
  3 bats
  2 giant newts (D:1)
  3 goblins (D:1)
  A kobold (D:1)
  6 rats (D:1)
22 creatures vanquished.

Notes
Turn   | Place    | Note
--------------------------------------------------------------
     0 | D:1      | Delvonshi the Vine Stalker Skald began the quest for the Orb.
     0 | D:1      | Reached XP level 1. HP: 11/11 MP: 4/4
   126 | D:1      | Reached XP level 2. HP: 15/15 MP: 6/6
   243 | D:1      | Reached skill level 1 in Dodging
   752 | D:2      | Reached XP level 3. HP: 19/19 MP: 7/7
   888 | D:2      | Slain by an adder

Vault maps used:
D:1:      tarquinn_simple_flora_water_c, wad_floor_pattern_untrapped

Skill      XL: |  1  2  3 |
---------------+----------+-----
Fighting       | 2 |  2.4
Dodging        | 1 |  1.1
Short Blades   | 2 |  2.0
Armour         | |  0.7
Spellcasting   | |  2.1
Charms         | |  3.3

Action                   || total
-------------------------++-------
Melee: Short sword       ||    71
       Bite              ||    16
 Cast: Infusion          ||     1
Armor: Leather armour    ||    12
Dodge: Dodged            ||    37
